 Dungeon Crawl Stone Soup version 0.24.0-37-gcf1ca852f1 (webtiles) character file.

Game seed: 11820586528200165223, levelgen mode: deterministic

34 FishyPogo the Magician (level 3, 0/19 HPs)
             Began as a Tengu Wizard on Nov 30, 2019.
             Was an Initiate of Trog.
             Succumbed to an adder's poison
             ... on level 3 of the Dungeon.
             The game lasted 00:03:29 (861 turns).

FishyPogo the Magician (Tengu Wizard)                Turns: 861, Time: 00:03:29

Health: 0/19       AC:  2    Str:  7    XL:     3   Next: 31%
Magic:  2/8        EV: 12    Int: 19    God:    Trog [......]
Gold:   32         SH:  6    Dex: 12    Spells: 7/8 levels left

rFire    . . .     SeeInvis .   (no weapon)
rCold    . . .     Gourm    .   j - +3 buckler
rNeg     . . .     Faith    .   a - +0 robe
rPois    .         Spirit   .   b - +0 hat
rElec    .         Reflect  .   (no cloak)
rCorr    .         Harm     .   (no gloves)
MR       .....     Rnd*Tele +   (boots unavailable)
Stlth    ++........             (no amulet)
HPRegen  0.06/turn              i - ring of teleportation
MPRegen  0.11/turn              (no ring)

@: lethally poisoned (0 -> -1)
A: beak, talons 3
a: Renounce Religion


You were on level 3 of the Dungeon.
You worshipped Trog.
Trog was noncommittal.
You were not hungry.

You visited 1 branch of the dungeon, and saw 3 of its levels.

You collected 32 gold pieces.

Inventory:

Missiles
 c - 11 poisoned darts (quivered)
 e - 38 stones
Armour
 a - a +0 robe (worn)
 b - a +0 hat (worn)
 j - a +3 buckler (worn)
Jewellery
 i - a ring of teleportation (left hand)
 k - a cursed -6 ring of slaying {unknown}
Wands
 l - a wand of clouds (6)
Scrolls
 f - a scroll of remove curse
Comestibles
 d - 2 rations
 m - 2 chunks of flesh


   Skills:
 + Level 2.5 Dodging
 + Level 2.5 Stealth
 * Level 0.4 Shields
 - Level 3.3 Spellcasting
 - Level 2.3 Conjurations
   Level 1.2 Summonings
   Level 0.7 Translocations


You had 7 spell levels left.
You knew the following spells:

 Your Spells              Type           Power        Failure   Level  Hunger
a - Magic Dart            Conj           ##..         9%          1    None

Your spell library contained the following spells:

 Spells                   Type           Power        Failure   Level  Hunger
 Call Imp                 Summ           #.......     22%         2    ##.....
 Blink                    Tloc           N/A          26%         2    ##.....
 Slow                     Hex            #.......     34%         2    ##.....
 Conjure Flame            Conj/Fire      #.......     41%         3    ###....
 Mephitic Cloud           Conj/Pois/Air  #.......     45%         3    ###....


Dungeon Overview and Level Annotations

Branches:
Dungeon (3/15)

Altars:
Trog


Innate Abilities, Weirdness & Mutations

You have a beak for a mouth.
You have claws for feet.


Message History

Okay, then.
You see here an adder corpse.
* * * LOW HITPOINT WARNING * * *
You feel sick.
Found a large shield and 13 gold pieces.
Sorry, you're not good enough to have a special ability.
* * * LOW HITPOINT WARNING * * *
You feel sick.
You open the door.
Found a bloodstained altar of Trog.
There is an open door here.
* * * LOW HITPOINT WARNING * * *
You feel sick.
There is a bloodstained altar of Trog here.
You kneel at the altar of Trog.
Trog welcomes you!
Your magical contamination has completely faded away.
Okay, then.
Okay, then.
You die...

###* #≈§##### #≈##⌠#⌠##
******###≈#§§§§§#
*,,,,,,..≈#≈..§≈## #
*.*######≈#≈..§§§# ############
*.$#......'.._.≈## #...........
***..[.....≈#≈..@§⌠###....)......
,,,..#.....≈#≈.§.§###....)......#
****,#.....≈#≈§§§§##........#+#..
*,,,,#.###.≈##⌠#⌠#####......#...#
*,***#,* #†≈≈#######.'......#....
*,* *,* #..#.....##.#......#.#.#
*,* *,* #....##...#.#..>........
*,****,* ##.####.#.#.#......#.#.#
*,,,,,,***#.####.#'#...........#.


There were no monsters in sight!

Vanquished Creatures
  An adder (D:3)
  A dart slug (D:1)
  3 giant cockroaches (D:1)
  4 goblins
  2 hobgoblins
  4 bats
  A frilled lizard (D:1)
  3 kobolds
  2 rats
21 creatures vanquished.

Notes
Turn   | Place    | Note
-------+----------+-------------------------------------------
     0 | D:1      | FishyPogo the Tengu Wizard began the quest for the Orb.
     0 | D:1      | Reached XP level 1. HP: 10/10 MP: 5/5
   178 | D:1      | Reached XP level 2. HP: 15/15 MP: 0/7
   808 | D:3      | Reached XP level 3. HP: 15/19 MP: 3/8
   854 | D:3      | Found a bloodstained altar of Trog.
   859 | D:3      | Became a worshipper of Trog the Wrathful
   861 | D:3      | Succumbed to an adder's poison

Levels and vault maps discovered:
D:1:      dpeg_arrival_concentric_ovals, layout_basic, hangedman_decor_growths
D:2:      cheibrodos_old_hovel, layout_basic, eat_drink_and_be_merry_uskayaw,
          nicolae_overflow_hidden_temple, first_ration
D:3:      layout_basic, nicolae_dithmenos_shadow_blocks, lightli_temple_of_fire,
          chequers_ecumenical_altar_simple, hex_medium

Skill      XL: |  1  2 |
---------------+-------+-----
Conjurations   | 2 |  2.3
Dodging        | |  2.5
Stealth        | |  2.5
Shields        | |  0.4
Spellcasting   | |  3.3
Summonings     | |  1.2
Translocations | |  0.7

Action                   || total
-------------------------++-------
Melee: Unarmed           ||    22
       Kick              ||     6
       Peck              ||     2
 Cast: Magic Dart        ||    48
  Use: Scroll            ||     4
 Stab: Sleeping          ||     1
Armor: Robe              ||     8
Dodge: Dodged            ||    24
Block: Buckler           ||     1
